 Dungeon Crawl Stone Soup version 0.28-a0-724-g66f9036eb4 (webtiles) character file.

Game seed: 10168779307884121099

28 AarnesTheHuman the Covered (level 3, 30/30 HPs)
             Began as a Barachi Fighter on Oct 27, 2021.
             Was a Follower of Makhleb.
             Got out of the dungeon alive.
             The game lasted 00:01:52 (646 turns).

AarnesTheHuman the Covered (Barachi Fighter)         Turns: 646, Time: 00:01:53

Health: 30/30      AC:  7    Str: 18    XL:     3   Next: 14%
Magic:  3/3        EV:  9    Int:  8    God:    Makhleb [*.....]
Gold:   60         SH:  4    Dex: 11    Spells: 2/2 levels left

rFire   . . .      SeeInvis .   a - +0 long sword
rCold   . . .      Faith    .   c - +0 buckler
rNeg    . . .      Spirit   .   b - +0 scale mail
rPois   .          Reflect  .   (no helmet)
rElec   .          Harm     .   (no cloak)
rCorr   .          Rampage  .   (no gloves)
Will    .....                   (no boots)
Stlth   ..........              (no amulet)
HPRegen 0.10/turn               (no ring)
MPRegen 0.08/turn               (no ring)

@: slow
A: amphibious, slowness 1, strong legs 1, +LOS
a: Hop, Renounce Religion


You escaped.
You worshipped Makhleb.
Makhleb was aware of your devotion.
You visited 1 branch of the dungeon, and saw 1 of its levels.

You collected 60 gold pieces.

Inventory:

Hand Weapons
 a - a +0 long sword (weapon)
Missiles
 f - 8 poisoned darts (quivered)
Armour
 b - a +0 scale mail (worn)
 c - a +0 buckler (worn)
Potions
 d - a potion of might


   Skills:
 + Level 4.0 Fighting
 + Level 3.0 Long Blades
 + Level 4.0 Armour
 + Level 3.6 Shields


You had 2 spell levels left.
You didn't know any spells.
Your spell library was empty.

Dungeon Overview and Level Annotations

Branches:
Dungeon (1/15)

Altars:
Makhleb


Innate Abilities, Weirdness & Mutations

You are amphibious.
You cover ground slowly.
You can hop short distances.
You have an extended range of vision and can be seen from far away.


Message History

No target in view!
No target in view!
An endoplasm comes into view.
The endoplasm quivers.
An endoplasm is nearby!
Found a faded altar of an unknown god.
The endoplasm hits you but does no damage.
You hit the endoplasm but do no damage. You block the endoplasm's attack.
The endoplasm closely misses you.
You slash the endoplasm!
You kill the endoplasm!
No target in view!
No target in view!
A kobold comes into view. It is wielding a +0 dagger.
Found a silvery potion.
The kobold shouts!
The kobold completely misses you.
You miss the kobold. You block the kobold's attack.
The kobold barely misses you.
You barely miss the kobold. You block the kobold's attack.
You hit the kobold.
You kill the kobold!
No target in view!
No target in view!
Things that are here:
a +0 dagger; a kobold corpse
There is a faded altar of an unknown god here.
You cannot tell which god this altar belongs to.
Convert to them anyway?
Makhleb accepts your prayer! Makhleb welcomes you!
You can now gain health from killing.
Things that are here:
a +0 dagger; a kobold corpse
There is a staircase leading out of the dungeon here.
Are you sure you want to leave the Dungeon?
This will make you lose the game!
Alright, then stay!
Unknown command.
There is a staircase leading out of the dungeon here.
Are you sure you want to leave the Dungeon?
This will make you lose the game!
You have escaped!

###.###...# #8# #..^.P!.P
....###...### #.# #......P.
............####.### .......##
.#######.#####.....### ###.....
### #.# #.........# ##########
..# #.###.........###8##8##8##
#.#### #.##.8........[...........
#....# ####......................
####.# 8.......@................
####.######......................
........[.#.8....................
..........##.........###8##8##8##
..........##(........# ##########
..........####.....### #..##..##
.)........#..###.### ##...#...
............## #(# ###.###.
..........### #8# #...##


There were no monsters in sight!

Vanquished Creatures
  4 bats (D:1)
  4 endoplasms (D:1)
  A giant cockroach (D:1)
  2 goblins (D:1)
  2 hobgoblins (D:1)
  A quokka (D:1)
  3 ball pythons (D:1)
  4 kobolds (D:1)
  6 rats (D:1)
27 creatures vanquished.

Notes
Turn   | Place    | Note
-------+----------+-------------------------------------------
     0 | D:1      | AarnesTheHuman the Barachi Fighter began the quest for the
                  | Orb.
     0 | D:1      | Reached XP level 1. HP: 18/18 MP: 1/1
    82 | D:1      | Reached XP level 2. HP: 20/25 MP: 2/2
   440 | D:1      | Reached XP level 3. HP: 30/30 MP: 3/3
   604 | D:1      | Found a faded altar of an unknown god.
   616 | D:1      | Prayed at the altar of an unknown god.
   616 | D:1      | Became a worshipper of Makhleb the Destroyer
   616 | D:1      | Reached * piety under Makhleb
   646 | D:$      | Got out of the dungeon alive.

Illustrated notes

Levels and vault maps discovered:
D:1:      psy_arrival_heroes, layout_rooms, ebering_ecumenical_altar_petrified

Skill      XL: |  1  2  3 |
---------------+----------+-----
Armour         | 4 |  4.0
Fighting       | 4 |  4.0
Long Blades    | 3 |  3.0
Shields        | |  3.6

Action                   || total
-------------------------++-------
Melee: Long sword        ||    75
Armor: Scale mail        ||    47
Dodge: Dodged            ||    53
Block: Buckler           ||    26

Table legend: (Time is in decaauts)
 A = Elapsed time spent in this place.
 B = Non-inter-level travel time spent in this place.
 C = Inter-level travel time spent in this place.
 D = Time resting spent in this place.
 E = Time spent auto-exploring this place.
 F = Levels seen in this place.
 G = Mean time per level.
                   A        B        C        D        E       F      G
               +--------+--------+--------+--------+--------+-----+--------+
         Total |    741 |    710 |     31 |      0 |    531 |   1 |  741.0 |
       Dungeon |    741 |    710 |     31 |      0 |    531 |   1 |  741.0 |
               +--------+--------+--------+--------+--------+-----+--------+

Top non-repeatable levels by time:
     D:1: 741 daAuts
